 Dungeon Sprint DCSS version 0.28-a0-233-gb8ca4b6547 (webtiles) character file.

Game seed: 926663994828174703

52962 MikeHunt the Warrior (level 14, 0/136 HPs)
             Began as a Palentonga Fighter on Aug 22, 2021.
             Was a High Priest of Okawaru.
             Succumbed to something's poison gas
             ... in the Dungeon (Sprint VII: "The Pits").
             The game lasted 00:29:12 (7377 turns).

MikeHunt the Warrior (Palentonga Fighter)           Turns: 7377, Time: 00:29:12

Health: 0/136      AC: 38    Str: 28    XL:     14   Next: 29%
Magic:  12/21      EV: 15    Int: 12    God:    Okawaru [*****.]
Gold:   67         SH: 19    Dex: 15    Spells: 8/13 levels left

rFire   . . .      SeeInvis +   i - +2 trident (flame)
rCold   . . .      Faith    .   s - +1 tower shield
rNeg    + . .      Spirit   +   H - +7 storm dragon scales of Taunle {god gift, Drain rElec rCorr Str+4}
rPois   .          Reflect  .   F - +1 helmet {Int+3}
rElec   +          Harm     .   k - +0 cloak "Ceqoeth" {god gift, Fly rN+ rCorr Stlth+}
rCorr   +          Rampage  .   I - +1 pair of gloves
Will    ++...      NoTele   +   C - +3 barding of Generosity {god gift, Str+5}
Stlth   ..........              G - amulet of guardian spirit
HPRegen 0.32/turn               w - +4 ring of evasion
MPRegen 0.17/turn               v - ring of willpower

@: lethally poisoned (0 -> -2), finesse-ful, flying
A: large, rugged brown scales 3, see invisible, deformed body, roll 1, armoured
tail, reflexive curl
a: Rolling Charge, Renounce Religion, Heroism, Finesse, Duel


You were in the Dungeon.
You worshipped Okawaru.
Okawaru was extremely pleased with you.
You visited 1 branch You collected 67 gold pieces.

Inventory:

Hand Weapons
 a - a +0 trident
 i - a +2 trident of flaming (weapon)
 p - a +2 vorpal trident
 t - a +2 halberd of freezing
 K - the +8 glaive of the Guard {elec, spectral, AC+5}
   (You found it in the Dungeon)

   It occasionally discharges a powerful burst of electricity upon striking a
   foe.
   When it strikes, its spirit leaps out and fights alongside the wielder.
   AC:        It affects your AC (+5).
Missiles
 n - 3 throwing nets
 u - 2 curare-tipped darts (quivered)
Armour
 k - the +0 cloak "Ceqoeth" (worn) {god gift, Fly rN+ rCorr Stlth+}
   (Okawaru gifted it to you in the Dungeon)

   rN:        It protects you from negative energy.
   Fly:       It grants you flight.
   rCorr:     It protects you from acid and corrosion.
   Stlth:     It makes you more stealthy.
 s - a +1 tower shield (worn)
 C - the +3 barding of Generosity (worn) {god gift, Str+5}
   (Okawaru gifted it to you in the Dungeon)

   Str:       It affects your strength (+5).
 F - a +1 helmet of intelligence (worn)
 H - the +7 storm dragon scales of Taunle (worn) {god gift, Drain rElec rCorr Str+4}
   (Okawaru gifted it to you in the Dungeon)

   Str:       It affects your strength (+4).
   rElec:     It insulates you from electricity.
   rCorr:     It protects you from acid and corrosion.
   Drain:     It drains your maximum health when unequipped.
 I - a +1 pair of gloves (worn)
Jewellery
 b - the ring of Kiuq {rC+ MP+9}
   (You took it off a deep elf annihilator in the Dungeon)

   [ring of magical power]

   rC:        It protects you from cold.
   MP:        It affects your magic capacity (+9).
 d - a +3 ring of strength
 m - a +3 ring of protection
 o - an amulet of faith
 r - a +4 ring of evasion
 v - a ring of willpower (right hand)
 w - a +4 ring of evasion (left hand)
 x - a ring of fire
 G - an amulet of guardian spirit (around neck)
 J - the ring of Saesyudgh {Ice rPois rN+ rCorr Str+3}
   (You found it in the Dungeon)

   [ring of ice]

   It enhances your ice magic.
   Str:       It affects your strength (+3).
   rF:        It makes you vulnerable to fire.
   rC:        It protects you from cold.
   rPois:     It protects you from poison.
   rN:        It protects you from negative energy.
   rCorr:     It protects you from acid and corrosion.
Scrolls
 j - a scroll of blinking
 l - a scroll of summoning
 y - 3 scrolls of identify
 z - a scroll of fear
 B - 6 scrolls of enchant armour
 E - 2 scrolls of enchant weapon
Potions
 g - a potion of haste
 h - 3 potions of magic
 q - 6 potions of brilliance
 D - a potion of mutation


   Skills:
 - Level 17.6 Fighting
 - Level 14.0 Polearms
 - Level 15.2 Armour
 - Level 14.9 Dodging
 + Level 14.2 Shields
 - Level 10.6 Translocations
 - Level 10.0 Invocations


You had 8 spell levels left.
You knew the following spells:

 Your Spells              Type           Power      Damage    Failure   Level
a - Manifold Assault      Tloc           25%        N/A       43%         5

Your spell library contained the following spells:

 Spells                   Type           Power      Damage    Failure   Level
 Blink                    Tloc           N/A        N/A       2%          2
 Alistair's Intoxication  Tmut/Pois      0%         N/A       100%        5
 Borgnjor's Vile Clutch   Necr/Erth      0%         N/A       100%        5
 Freezing Cloud           Conj/Ice/Air   0%         6-21      100%        5
 Eringya's Noxious Bog    Tmut/Pois      0%         N/A       100%        6
 Orb of Destruction       Conj           0%         N/A       100%        7
 Storm Form               Tmut/Air       0%         N/A       100%        7
 Polar Vortex             Ice            0%         N/A       100%        9
 Summon Guardian Golem    Hex/Summ       Unusable   N/A       N/A         3
 Simulacrum               Ice/Necr       Unusable   N/A       N/A         6
 Spellforged Servitor     Conj/Summ      Unusable   N/A       N/A         7

Dungeon Overview and Level Annotations

Branches:
Dungeon (1/1)

Altars:
Ashenzari
Cheibriados
Dithmenos
Elyvilon
Fedhas
Gozag
Hepliaklqana
Kikubaaqudgha
Makhleb
Nemelex Xobeh
Okawaru
Qazlal
Ru
Sif Muna
Trog
Uskayaw
Vehumet
Wu Jian
Xom
Yredelemnul
Zin
The Shining One
Beogh
Jiyva
Lugonu


Innate Abilities, Weirdness & Mutations

You are completely covered in rugged brown scales. (AC +3, +7% HP)
You have supernaturally acute eyesight. (SInv)
Armour fits poorly on your strangely shaped body.
You can roll at nearby foes to attack.
You have a long armoured tail.
You curl defensively after being hit.


Message History

A green death comes into view.
* * * LOW HITPOINT WARNING * * *
You feel extremely sick.
There is an open door, spattered with blood here.
* * * LOW HITPOINT WARNING * * *
You feel extremely sick.
An ophan comes into view.
Things that are here:
a +1 long sword of holy wrath; a +0 chain mail Blink to where?
Press: ? - help, Dir - move target
As you read the scroll of blinking, it crumbles to dust.
* * * LOW HITPOINT WARNING * * *
You feel extremely sick.
You feel better. The green death gestures at you.
You are engulfed in poison gas.
You are poisoned.
* * * LOW HITPOINT WARNING * * *
x2 You feel very sick.
* * * LOW HITPOINT WARNING * * *
You feel very sick.
Okay, then.
* * * LOW HITPOINT WARNING * * *
You feel very sick.
* * * LOW HITPOINT WARNING * * *
You feel sick.
* * * LOW HITPOINT WARNING * * *
You feel sick.
* * * LOW HITPOINT WARNING * * *
You feel sick.
Things that are here:
a +0 dire flail; a +0 chain mail
* * * LOW HITPOINT WARNING * * *
You feel sick.
* * * LOW HITPOINT WARNING * * *
You feel sick.
* * * LOW HITPOINT WARNING * * *
You feel sick.
You die...

###################
#.......°2.°°○.....
#........D..°°○§)()
#.)#############D##
#..##.#.#.#.#.#°#○#
#..#.#.#.#.#.#°#☼##
#..##.#.#.#.#)#○#☼#
#.@#.#.#.#.#.#○#.##
#..##.#.#.#[#.#.#.#
#..################
#############..................
#_________.##..................
#_________.###########''#######
#_______.†(###########''#######
##########)##................##
#.?(.')))))##......#..#......##


There were no monsters in sight!

Vanquished Creatures
  A sphinx (D)
  2 storm dragons (D)
  A frost giant (D)
  3 orc warlords (D)
  A spriggan defender (D)
  Nessos (D)
  2 green draconians (D)
  A deep elf demonologist (D)
  A deep elf annihilator (D)
  An eidolon (D)
  A mummy priest (D)
  3 vault guards (D)
  2 yaktaur captains (D)
  Harold (D)
  A hell beast (D)
  2 naga warriors (D)
  An anaconda (D)
  A centaur warrior (D)
  A catoblepas (D)
  2 merfolk avatars (D)
  5 hell knights (D)
  A vampire mage (D)
  A deep elf knight (D)
  A sun demon (D)
  A fire crab (D)
  A sea snake (shapeshifter) (D)
  A sixfirhy (D)
  A sea snake (D)
  A flayed ghost (D)
  A lindwurm (D)
  2 deep elf pyromancers (D)
  An orc sorcerer (D)
  12 orc knights (D)
  A necromancer (D)
  A wolf spider (D)
  A manticore (D)
  2 orange demons (D)
  2 eyes of devastation (D)
  An unseen horror (D)
  3 cane toads (D)
  2 demonic crawlers (D)
  2 komodo dragons (D)
  A rime drake (D)
  4 yaktaurs (D)
  2 hellwings (D)
  A freezing wraith (D)
  2 hornets (D)
  3 polar bears (D)
  2 redbacks (D)
  A flying skull (D)
  An air elemental (D)
  3 spriggans (D)
  2 ynoxinuls (D)
  2 vampires (D)
  A wraith (D)
  A wyvern (D)
  A shadow (D)
  A tarantella (D)
  3 basilisks (D)
  A chaos spawn (D)
  A warg (D)
  7 orc warriors (D)
  A sky beast (D)
  A black bear (D)
  An ogre (D)
  6 wolves (D)
  A small abomination (D)
  2 phantoms (D)
  A bullfrog (D)
  An earth elemental (D)
  2 scorpions (D)
  A crimson imp (D)
  A quasit (D)
  2 hounds (D)
  4 orc priests (D)
  A gnoll shaman (D)
  6 orc wizards (D)
  A hell rat (D)
  2 mummies (D)
  6 gnolls (D)
  2 adders (D)
  A river rat (D)
  2 white imps (D)
  An adder skeleton (D)
  6 orcs (D)
  A ball python (D)
  A bat (D)
  A bat skeleton (D)
  A bat zombie (D)
  A goblin (D)
  A hobgoblin (D)
  2 jackals (D)
  A quokka (D)
  A ball python simulacrum (D)
175 creatures vanquished.

Vanquished Creatures (others)
  A rust devil (D)
  Psyche (D)
  An unseen horror (D)
  A hornet (D)
4 creatures vanquished.

Grand Total: 179 creatures vanquished

Notes
Turn   | Place    | Note
-------+----------+-------------------------------------------
     0 | D        | MikeHunt the Palentonga Fighter began the quest for the
                  | Orb.
     0 | D        | Reached XP level 1. HP: 19/19 MP: 1/1
    13 | D        | Reached XP level 2. HP: 21/25 MP: 2/2
    41 | D        | Found a glowing golden altar of the Shining One.
    41 | D        | Found a glowing silver altar of Zin.
    41 | D        | Found a basalt altar of Yredelemnul.
    41 | D        | Found a shimmering altar of Xom.
    41 | D        | Found an ornate altar of the Wu Jian Council.
    41 | D        | Found a bloodstained altar of Trog.
    41 | D        | Found a shimmering blue altar of Sif Muna.
    41 | D        | Found a sacrificial altar of Ru.
    41 | D        | Found a stormy altar of Qazlal.
    41 | D        | Found an iron altar of Okawaru.
    41 | D        | Found a sparkling altar of Nemelex Xobeh.
    41 | D        | Found a burning altar of Makhleb.
    41 | D        | Found a viscous altar of Jiyva.
    41 | D        | Found a hazy altar of Hepliaklqana.
    41 | D        | Found an opulent altar of Gozag.
    41 | D        | Found a blossoming altar of Fedhas.
    41 | D        | Found a white marble altar of Elyvilon.
    41 | D        | Found a shadowy altar of Dithmenos.
    41 | D        | Found a snail-covered altar of Cheibriados.
    42 | D        | Found a radiant altar of Vehumet.
    42 | D        | Found a corrupted altar of Lugonu.
    43 | D        | Found an ancient bone altar of Kikubaaqudgha.
    43 | D        | Found a hide-covered altar of Uskayaw.
    43 | D        | Found a broken altar of Ashenzari.
    47 | D        | Became a worshipper of Warmaster Okawaru
   138 | D        | Reached XP level 3. HP: 31/31 MP: 3/3
   142 | D        | Noticed a scorpion
   159 | D        | Killed a scorpion
   160 | D        | Reached skill level 5 in Polearms
   160 | D        | Reached skill level 5 in Shields
   160 | D        | Reached XP level 4. HP: 34/37 MP: 4/4
   479 | D        | Noticed a wolf
   482 | D        | Noticed a phantom
   488 | D        | Reached XP level 5. HP: 33/43 MP: 5/5
   494 | D        | Noticed a flying skull
   496 | D        | Killed a wolf
   497 | D        | Reached XP level 6. HP: 33/50 MP: 6/6
   499 | D        | Reached * piety under Okawaru
   528 | D        | Killed a flying skull
   555 | D        | Reached skill level 10 in Polearms
   555 | D        | Gained mutation: You curl defensively after being hit.
                  | [Palentonga growth]
   555 | D        | Reached XP level 7. HP: 44/55 MP: 7/7
   632 | D        | Noticed an orc knight
   643 | D        | Killed an orc knight
   643 | D        | Reached ** piety under Okawaru
   875 | D        | Reached skill level 1 in Invocations
   875 | D        | Reached XP level 8. HP: 62/62 MP: 5/9
   875 | D        | Noticed a demonic crawler
   893 | D        | Killed a demonic crawler
   900 | D        | Reached skill level 5 in Invocations
  1044 | D        | Noticed an orange demon
  1045 | D        | Noticed a lindwurm
  1073 | D        | Killed an orange demon
  1073 | D        | Reached *** piety under Okawaru
  1074 | D        | Reached skill level 4 in Fighting
  1177 | D        | Killed a lindwurm
  1178 | D        | Reached skill level 5 in Fighting
  1178 | D        | Reached XP level 9. HP: 21/73 MP: 12/12
  1425 | D        | Noticed a polar bear
  1425 | D        | Noticed a flayed ghost
  1426 | D        | Noticed a demonic crawler
  1438 | D        | Killed a flayed ghost
  1439 | D        | Reached skill level 6 in Fighting
  1439 | D        | Reached skill level 5 in Armour
  1439 | D        | Reached skill level 5 in Dodging
  1439 | D        | Killed a polar bear
  1439 | D        | Reached **** piety under Okawaru
  1440 | D        | Reached skill level 7 in Fighting
  1447 | D        | Killed a demonic crawler
  1647 | D        | Noticed a cane toad
  1658 | D        | Killed a cane toad
  1678 | D        | Reached skill level 8 in Fighting
  1692 | D        | Reached XP level 10. HP: 85/85 MP: 14/14
  1703 | D        | Reached ***** piety under Okawaru
  1712 | D        | Noticed a deep elf pyromancer
  1714 | D        | Noticed a cane toad
  1727 | D        | Killed a cane toad
  1736 | D        | Killed a deep elf pyromancer
  1737 | D        | Reached skill level 9 in Fighting
  2021 | D        | Noticed a sea snake
  2075 | D        | Killed a sea snake
  2076 | D        | Reached skill level 10 in Fighting
  2087 | D        | Noticed a sixfirhy
  2107 | D        | Killed a sixfirhy
  2302 | D        | Reached XP level 11. HP: 60/98 MP: 18/18
  2341 | D        | Noticed a deep elf pyromancer
  2358 | D        | Killed a deep elf pyromancer
  2359 | D        | Reached skill level 11 in Fighting
  2359 | D        | Reached skill level 10 in Invocations
  2375 | D        | Noticed an orc knight
  2395 | D        | Killed an orc knight
  2426 | D        | Noticed a vampire mage
  2451 | D        | Noticed a phantasmal warrior
  2468 | D        | Killed a vampire mage
  2468 | D        | Identified the +0 cloak "Ceqoeth" {god gift, Fly rN+ rCorr
                  | Stlth+} (Okawaru gifted it to you in the Dungeon)
  2468 | D        | Received a gift from Okawaru
  2821 | D        | Reached skill level 10 in Armour
  2864 | D        | Reached skill level 12 in Fighting
  2880 | D        | Noticed a spriggan rider
  2893 | D        | Reached skill level 10 in Dodging
  2914 | D        | Noticed an eidolon
  2960 | D        | Killed an eidolon
  3135 | D        | Noticed a merfolk avatar
  3166 | D        | Killed a merfolk avatar
  3167 | D        | Reached skill level 13 in Fighting
  3261 | D        | Noticed a mummy priest
  3261 | D        | Noticed Nessos
  3261 | D        | Noticed a merfolk avatar
  3261 | D        | Noticed an anaconda
  3262 | D        | Noticed Psyche
  3274 | D        | Killed an anaconda
  3283 | D        | Killed Psyche
  3500 | D        | Noticed a centaur warrior
  3524 | D        | Killed a centaur warrior
  3548 | D        | Killed Nessos
  3549 | D        | Reached XP level 12. HP: 32/113 MP: 19/19
  3647 | D        | Killed a merfolk avatar
  3647 | D        | Identified the +7 storm dragon scales of Taunle {god gift,
                  | Drain rElec rCorr Str+4} (Okawaru gifted it to you in the
                  | Dungeon)
  3647 | D        | Received a gift from Okawaru
  3867 | D        | Identified the ring of Kiuq {rC+ MP+9}
  3867 | D        | Noticed a deep elf annihilator
  3883 | D        | Killed a deep elf annihilator
  3884 | D        | Reached skill level 14 in Fighting
  3899 | D        | Identified the +1 mace "Udwou" {holy, rF+ Str+4 Dex+2}
  3933 | D        | Killed a mummy priest
  4170 | D        | Noticed Harold
  4186 | D        | Killed Harold
  4276 | D        | Reached skill level 15 in Fighting
  4342 | D        | Learned a level 5 spell: Manifold Assault
  4386 | D        | Noticed a green draconian
  4411 | D        | Killed a green draconian
  4422 | D        | Noticed a green draconian
  4426 | D        | Noticed a storm dragon
  4438 | D        | Noticed a catoblepas
  4453 | D        | Killed a green draconian
  4766 | D        | Killed a catoblepas
  4804 | D        | Killed a storm dragon
  4815 | D        | Got the ring of Saesyudgh {Ice rPois rN+ rCorr Str+3}
  5056 | D        | Noticed an orc warlord
  5101 | D        | Reached skill level 5 in Translocations
  5135 | D        | Killed an orc warlord
  5135 | D        | Identified the +0 barding of Plog {god gift, Str+3 Int+4}
                  | (Okawaru gifted it to you in the Dungeon)
  5135 | D        | Received a gift from Okawaru
  5136 | D        | Reached XP level 13. HP: 21/125 MP: 1/20
  5442 | D        | Paralysed by an air elemental for 1 turns
  5470 | D        | Reached skill level 16 in Fighting
  5799 | D        | Noticed an orc warlord
  5811 | D        | Killed an orc warlord
  5937 | D        | Noticed an orc warlord
  6029 | D        | Identified the +3 barding of Generosity {god gift, Str+5}
                  | (Okawaru gifted it to you in the Dungeon)
  6029 | D        | Received a gift from Okawaru
  6030 | D        | Reached skill level 17 in Fighting
  6037 | D        | Killed an orc warlord
  6191 | D        | Reached skill level 10 in Translocations
  6292 | D        | Reached skill level 15 in Armour
  6630 | D        | Found the +8 glaive of the Guard {elec, spectral, AC+5}
  6718 | D        | Noticed a frost giant
  6718 | D        | Noticed a spriggan defender
  6718 | D        | Noticed a storm dragon
  6749 | D        | Killed a spriggan defender
  6759 | D        | Killed a frost giant
  6760 | D        | Reached skill level 10 in Shields
  7044 | D        | Killed a storm dragon
  7045 | D        | Reached XP level 14. HP: 109/136 MP: 17/21
  7103 | D        | Noticed an Ice Fiend
  7138 | D        | Received a gift from Okawaru
  7294 | D        | Noticed a sphinx
  7301 | D        | Killed a sphinx
  7365 | D        | Noticed an ophan
  7371 | D        | HP: 6/136 [poisoned by something (poison gas)]
  7374 | D        | HP: 2/136 [poisoned by something (poison gas)]
  7377 | D        | Succumbed to something's poison gas

Illustrated notes

Levels and vault maps discovered:
D:        pitsprint [storerooms_1, entrance_room_1, metal_vault_2, armoury_2,
          mini_pit_1, grid_room_1, main_hall_1, silver_pit, the_coven_2,
          the_vestibule_1, steel_vault_5, golden_pit, hallway_of_sentries,
          crystal_vault_3, iron_vault_3, final_vault]

Skill      XL: |  1  2  3  4  5  6  7  8  9 10 11 12 13 14 |
---------------+-------------------------------------------+-----
Polearms       | 3 4 5 7 8 10 12 14 | 14.0
Shields        | 3 4 5 6 7 9 11 14 | 14.2
Invocations    | 1 5 6 9 10 | 10.0
Fighting       | 5 8 10 13 15 17 | 17.6
Armour         | 4 6 9 11 13 15 | 15.2
Dodging        | 3 6 8 11 13 14 | 14.9
Translocations | 5 10 | 10.6

Action                   |  1- 3 |  4- 6 |  7- 9 | 10-12 | 13-15 || total
-------------------------+-------+-------+-------+-------+-------++-------
Melee: Trident           |    16 |    51 |   116 |   651 |   415 ||  1249
       Tailslap          |     3 |     3 |    20 |    89 |    96 ||   211
       Unarmed           |       |       |       |     1 |       ||     1
Throw: Dart              |       |       |       |     1 |     9 ||    10
       Throwing net      |       |       |       |       |     3 ||     3
Invok: Heroism           |       |       |     3 |    16 |     8 ||    27
       Finesse           |       |       |       |     6 |     7 ||    13
 Abil: Rolling Charge    |       |       |       |     7 |       ||     7
  Use: Potion            |     2 |     2 |     7 |    13 |     8 ||    32
       Scroll            |       |       |       |     1 |     1 ||     2
 Stab: Invisible         |       |     4 |       |     9 |       ||    13
       Confused          |       |       |       |     1 |       ||     1
       Petrified         |       |       |       |     7 |       ||     7
       Distracted        |       |       |       |     1 |     2 ||     3
       Petrifying        |       |       |       |     1 |       ||     1
       Held in net/web   |       |       |       |       |     4 ||     4
Armor: Scale mail        |     9 |    15 |    11 |       |       ||    35
       Ring mail         |       |       |    18 |   108 |       ||   126
       Storm dragon scal |       |       |       |    60 |    99 ||   159
Dodge: Dodged            |     4 |    15 |    16 |   188 |    75 ||   298
Block: Kite shield       |     5 |    15 |    42 |   223 |    86 ||   371
       Tower shield      |       |       |       |       |    70 ||    70

Table legend: (Time is in decaauts)
 A = Elapsed time spent in this place.
 B = Non-inter-level travel time spent in this place.
 C = Inter-level travel time spent in this place.
 D = Time resting spent in this place.
 E = Time spent auto-exploring this place.
 F = Levels seen in this place.
 G = Mean time per level.
                   A        B        C        D        E       F      G
               +--------+--------+--------+--------+--------+-----+--------+
         Total |   6823 |   6789 |     34 |   4070 |      0 |   1 | 6823.0 |
       Dungeon |   6823 |   6789 |     34 |   4070 |      0 |   1 | 6823.0 |
               +--------+--------+--------+--------+--------+-----+--------+

Top non-repeatable levels by time:
       D: 6823 daAuts
